 Dungeon Crawl Stone Soup version bcrawl-1.19.2-6-g6a88ae04c9 (webtiles) character file.

Game seed: 7020860439132796827

354 Mrkan the Chopper (level 6, -3/56 HPs)
             Began as a Minotaur Fighter on Jan 14, 2020.
             Was an Initiate of Ashenzari.
             Slain by Grinder (7 damage)
             ... while paralysed by Grinder
             ... on level 4 of the Dungeon.
             The game lasted 00:03:46 (2740 turns).

Mrkan the Chopper (Minotaur Fighter)                Turns: 2740, Time: 00:03:47

Health: -3/56      AC:  7    Str: 22    XL:     6   Next: 35%
Magic:  5/5        EV:  2    Int:  5    God:    Ashenzari [......]
Gold:   231        SH:  0    Dex: 10    Spells: 5/5 levels left

rFire    . . .     SeeInvis .   a - +0 war axe
rCold    . . .     Gourm    .   c - +0 shield (curse)
rNeg     . . .     Faith    .   b - +0 scale mail
rPois    .         Spirit   .   (helmet restricted)
rElec    .         Reflect  .   (no cloak)
rCorr    .         Harm     .   (no gloves)
MR       .....                  (no boots)
Stlth    ..........             (no amulet)
HPRegen  0.18/turn              (no ring)
MPRegen  0.09/turn              (no ring)

@: paralysed
A: retaliatory headbutt, horns 2
a: Curse Item, Renounce Religion


You were on level 4 of the Dungeon.
You worshipped Ashenzari.
Ashenzari was noncommittal.
You were not hungry.

You visited 1 branch of the dungeon, and saw 4 of its levels.

You collected 231 gold pieces.

Inventory:

Hand Weapons
 a - a +0 war axe (weapon)
Missiles
 m - a throwing net (quivered) {!f}
Armour
 b - a +0 scale mail (worn)
 c - a cursed +0 shield (worn)
Jewellery
 n - a +3 ring of evasion
 s - an uncursed ring of ice
 x - an uncursed ring of insulation
Wands
 r - a wand of random effects (11)
Scrolls
 e - a scroll of immolation {unknown}
 j - a scroll of remove curse {unknown}
 l - a scroll of noise {unknown}
 q - 3 scrolls of identify {unknown}
 t - 2 scrolls of fear {unknown}
 u - a scroll of magic mapping {unknown}
 v - a scroll of teleportation {unknown}
 w - a scroll of enchant armour {unknown}
Potions
 d - a potion of might
 g - a potion of lignification {unknown}
 h - a potion of heal wounds {unknown}
 i - a potion of mutation {unknown}
 k - a potion of degeneration {unknown}
 o - a potion of agility {unknown}
 p - 2 potions of haste {unknown}
Comestibles
 f - 6 rations {!d}


   Skills:
 + Level 5.0 Fighting
 * Level 5.4 Axes
 + Level 5.0 Armour
 + Level 5.0 Shields


You had 5 spell levels left.
You didn't know any spells.
Your spell library was empty.

Dungeon Overview and Level Annotations

Branches:
Dungeon (4/12)
 Temple: D:4-7

Altars:
Ashenzari
Gozag
Hepliaklqana
Lugonu

Annotations:
D:4 Grinder


Innate Abilities, Weirdness & Mutations

You reflexively headbutt those who attack you in melee.
You have a pair of horns on your head.


Message History

Grinder hits you but does no damage.
You hit Grinder.
Grinder is lightly wounded.
You block Grinder's attack. Grinder hits you.
You writhe in agony.
You closely miss Grinder.
Grinder is lightly wounded.
You block Grinder's attack.
You closely miss Grinder.
Grinder is lightly wounded.
Grinder says, "There's only one good use for a tongue: cutting it out."
Grinder gestures at you. Pain shoots through your body!
* * * LOW HITPOINT WARNING * * *
Your shield and scale mail prevent you from hitting Grinder.
Grinder is lightly wounded.
Grinder gestures at you.
You suddenly lose the ability to move!
Grinder says, "Just stop there for a second..."
Grinder hits you!
You die...

.# .# # #.# .###
#.#. #.# ...#
#.#.##.# # ##.#
#.#....####.#
##(####.#
#.#........
........# #.#......
##.###### #.#.##.#
##.# #.#.5@.#
.^.#### #....#.#
###...# ##.....#
#...#.#######..#..#
#.#...#........#..#
#...#...######......
#.#.....# ###..###
#...#.#.# #..#
#.#...#.# #..#


You could see Grinder.

Vanquished Creatures
  A howler monkey (D:2)
  A jelly (D:3)
  3 orc wizards
  A worker ant (D:3)
  A hound skeleton (D:3)
  A hound zombie (D:3)
  4 adders
  An ooze (D:1)
  2 adder zombies (D:3)
  An adder skeleton (D:3)
  5 worms
  4 dart slugs
  2 leopard geckos
  14 orcs
  2 ball pythons
  A bat (D:2)
  5 goblins
  A hobgoblin (D:3)
  7 jackals
  A quokka (D:4)
  A frilled lizard (D:1)
  8 kobolds
  6 rats
73 creatures vanquished.

Notes
Turn   | Place    | Note
-------+----------+-------------------------------------------
     0 | D:1      | Mrkan the Minotaur Fighter began the quest for the Orb.
     0 | D:1      | Reached XP level 1. HP: 19/19 MP: 0/0
   168 | D:1      | Reached XP level 2. HP: 18/27 MP: 1/1
   527 | D:1      | Reached XP level 3. HP: 33/33 MP: 2/2
   607 | D:1      | Found a shattered altar of Ashenzari.
   623 | D:1      | Became a worshipper of Ashenzari the Shackled
   943 | D:2      | Reached XP level 4. HP: 27/40 MP: 3/3
  1542 | D:3      | Found a shattered altar of Ashenzari.
  1549 | D:3      | Found an opulent altar of Gozag.
  1563 | D:3      | Found a corrupted altar of Lugonu.
  1566 | D:3      | Found a hazy altar of Hepliaklqana.
  1660 | D:3      | Reached XP level 5. HP: 47/47 MP: 4/4
  1927 | D:3      | Reached skill level 5 in Axes
  2199 | D:3      | Reached XP level 6. HP: 54/55 MP: 5/5
  2411 | D:4      | Reached skill level 5 in Fighting
  2414 | D:4      | Reached skill level 5 in Armour
  2414 | D:4      | Reached skill level 5 in Shields
  2723 | D:4      | Noticed Grinder
  2739 | D:4      | Paralysed by Grinder for 4 turns
  2740 | D:4      | Slain by Grinder

Skill      XL: |  1  2  3  4  5  6 |
---------------+-------------------+-----
Axes           | 3 4 5 |  5.4
Fighting       | 4 5 |  5.0
Armour         | 4 5 |  5.0
Shields        | 4 5 |  5.0

Action                   |  1- 3 |  4- 6 || total
-------------------------+-------+-------++-------
Melee: War axe           |    79 |   140 ||   219
       Headbutt          |     9 |    25 ||    34
Invok: Curse Item        |     1 |       ||     1
  Eat: Chunk             |       |     6 ||     6
Armor: Scale mail        |    43 |    61 ||   104
Dodge: Dodged            |    24 |    35 ||    59
Block: Shield            |    46 |    64 ||   110
